 Dungeon Crawl Stone Soup version 0.29.1-1-gd02db6906a (webtiles) character file.

Game seed: 11899657880823209016

14910 Iusername the Carver (level 11, -9/101 HPs)
             Began as a Minotaur Fighter on Sept 22, 2022.
             Was a High Priest of Qazlal.
             Mangled by Kirke (14 damage)
             ... on level 12 of the Dungeon.
             The game lasted 00:18:28 (15609 turns).

Iusername the Carver (Minotaur Fighter)            Turns: 15609, Time: 00:18:29

Health: -9/101     AC:  3    Str: 23    XL:     11   Next: 94%
Magic:  10/10      EV: 14    Int:  5    God:    Qazlal [*****.]
Gold:   573        SH:  0    Dex: 12    Spells: 10/10 levels left

rFire   . . .      SeeInvis .   (weapon currently unavailable)
rCold   . . .      Faith    +   (shield currently unavailable)
rNeg    . . .      Spirit   .   (body armour currently unavailable)
rPois   .          Reflect  .   (helmet currently unavailable)
rElec   .          Harm     .   (cloak currently unavailable)
rCorr   .          Rampage  .   (gloves currently unavailable)
Will    .....                   (boots currently unavailable)
Stlth   +.........              p - amulet of faith
HPRegen 0.26/turn               (ring currently unavailable)
MPRegen 0.12/turn               (ring currently unavailable)

@: confused, pig-form, ambrosia-drunk, protected from physical damage, repel
missiles, very quick
A: fast, no casting, small, (horns 2), (retaliatory headbutt)
a: Renounce Religion, Upheaval, Elemental Force, Disaster Area


You were on level 12 of the Dungeon.
You worshipped Qazlal.
Qazlal was extremely pleased with you.
You were a filthy swine.
You visited 1 branch of the dungeon, and saw 12 of its levels.

You collected 573 gold pieces.

Inventory:

Hand Weapons
 a - a +1 long sword of electrocution (melded)
 N - the +5 trident "Cifuhoem" {freeze, Str+2}
   (You found it on level 11 of the Dungeon)

   It freezes those it strikes, dealing additional cold damage.
   It can also slow down cold-blooded creatures.
   Str:       It affects your strength (+2).
Missiles
 D - 2 throwing nets
Armour
 c - a +0 buckler (melded)
 m - a +2 cloak (melded)
 r - a +2 plate armour of poison resistance (melded)
 E - a +0 pair of boots (melded)
Jewellery
 h - a ring of willpower (melded)
 p - an amulet of faith (around neck)
 w - a ring of fire
 F - a ring of ice
 I - a ring of protection from fire
 J - an amulet of magic regeneration
Wands
 B - a wand of polymorph (15)
 M - a wand of quicksilver (7)
 O - a wand of mindburst (2) (quivered)
Scrolls
 e - 2 scrolls of magic mapping
 i - 2 scrolls of torment {unknown}
 j - a scroll of brand weapon
 k - a scroll of enchant weapon
 l - 4 scrolls of noise
 o - 2 scrolls of teleportation
 q - 2 scrolls of silence
 s - a scroll of blinking
 x - 2 scrolls of amnesia {unknown}
 y - 5 scrolls of identify
 G - 2 scrolls of fog {unknown}
 H - a scroll of summoning {unknown}
 K - a scroll of immolation {unknown}
Potions
 b - a potion of lignification
 d - a potion of flight {unknown}
 f - 3 potions of curing
 g - 2 potions of mutation {unknown}
 n - 2 potions of ambrosia
 t - a potion of degeneration {unknown}
 u - a potion of attraction {unknown}
 v - a potion of berserk rage {unknown}
 z - a potion of haste
 A - a potion of resistance
 C - 3 potions of brilliance {unknown}
 L - a potion of magic {unknown}


   Skills:
 + Level 10.5 Fighting
 + Level 14.2 Long Blades
 + Level 0.4 Throwing
 + Level 12.3 Armour
 + Level 2.9 Dodging
 + Level 1.4 Stealth
 + Level 10.2 Shields
 + Level 0.2 Evocations


You had 10 spell levels left.
You didn't know any spells.
Your spell library contained the following spells:

 Spells                   Type           Power      Damage    Failure   Level
 Magic Dart               Conj           0%         1d3       47%         1
 Sting                    Tmut/Pois      0%         1d3       47%         1
 Blink                    Tloc           0%         N/A       63%         2
 Call Imp                 Summ           0%         N/A       63%         2
 Wereblood                Tmut           0%         N/A       63%         2
 Mephitic Cloud           Conj/Pois/Air  0%         N/A       85%         3
 Alistair's Intoxication  Tmut/Pois      0%         N/A       100%        5
 Borgnjor's Vile Clutch   Necr/Erth      0%         N/A       100%        5
 Manifold Assault         Tloc           0%         N/A       100%        5
 Eringya's Noxious Bog    Tmut/Pois      0%         N/A       100%        6
 Monstrous Menagerie      Summ           0%         N/A       100%        7
 Spellforged Servitor     Conj/Summ      0%         N/A       100%        7
 Storm Form               Tmut/Air       0%         N/A       100%        7


Dungeon Overview and Level Annotations

Branches:
Dungeon (12/15)            Temple (0/1) D:4            Lair (0/5) D:10
    Orc (0/2) D:10

Altars:
Ashenzari
Dithmenos
Elyvilon
Fedhas
Gozag
Makhleb
Nemelex Xobeh
Qazlal
Sif Muna
Trog
Wu Jian
Yredelemnul
Zin

Shops:
D:1 ?   D:7 *   D:10 *

Annotations:
D:6 3 runed translucent doors, om's ghost, novice GnHu
D:12 Kirke


Innate Abilities, Weirdness & Mutations

You are a filthy swine.
You move quickly.
Your equipment is almost entirely melded.
You are incapable of wielding weapons or throwing items.
You cannot cast spells.
((You have a pair of horns on your head.))
((You reflexively headbutt those who attack you in melee.))


Message History

Kirke is lightly wounded.
The hog is engulfed in freezing vapours.
The hog closely misses you. The hog completely misses you. Kirke hits you!
You hit Kirke.
Kirke is lightly wounded.
The hog is engulfed in freezing vapours.
You block the hog's attack. The hog bites you.
You hit Kirke.
Kirke is lightly wounded.
Kirke casts a spell at you.
You feel a momentary urge to oink.
The hog is engulfed in freezing vapours.
You block the hog's attack. The hog bites you!
* * * LOW HITPOINT WARNING * * *
You feel protected from physical attacks.
You bite Kirke!
Kirke is lightly wounded.
Kirke hits you!
* * * LOW HITPOINT WARNING * * *
The hog is engulfed in freezing vapours.
The hog barely misses you. The hog bites you!
* * * LOW HITPOINT WARNING * * *
You feel more protected from physical attacks.
It was a potion of lignification.
You feel woody for a moment.
The hog is engulfed in freezing vapours.
You kill the hog!
Qazlal accepts your kill. The hog completely misses you. Kirke hits you.
* * * LOW HITPOINT WARNING * * *
It was a potion of ambrosia.
You are confused.
You feel invigorated.
You hear a shout!
The hog closely misses you. Kirke hits you!
* * * LOW HITPOINT WARNING * * *
You feel more protected from physical attacks.
You barely miss Kirke.
Kirke is lightly wounded.
The hog barely misses you. Kirke hits you!
You die...

≈≈~~...~...~~≈≈#
~~S...~≈~...~~~#
~~...~≈~≈~...~~#
♣♣....###....♣♣#.♣
.....#"!}#.......♣
♣♣....###....♣♣#♣
~...~≈~≈°○..~~#
~~...~≈~h†.~~~#
≈~~...~†@h~~≈≈#
≈~~~.....☼☼§≈≈#
≈≈~~~♣.♣~§§≈≈≈#
≈≈≈~ ♣?♣~~≈≈≈♣#
### #.####### ..
#+


You could see Kirke and a hog.

Vanquished Creatures
  An ettin (D:12)
  Erolcha (D:10)
  Erica (D:11)
  3 two-headed ogres
  An ugly thing (D:11)
  An unseen horror (D:12)
  A komodo dragon (D:10)
  The ghost of LustLizard the Sneak, a novice SpAM of Dithmenos (D:5)
  4 trolls
  A centaur simulacrum (D:12)
  2 wraiths (D:12)
  3 shadows
  4 hogs (D:12)
  24 yaks
  A wyvern (D:10)
  A basilisk (D:12)
  A vampire mosquito (D:12)
  An acid dragon (D:10)
  A water moccasin (D:7)
  An orc warrior (D:9)
  An ice beast (D:7)
  A black bear (D:6)
  2 ogres
  4 centaurs
  A phantom (D:5)
  4 kobold brigands
  2 bullfrogs (D:7)
  2 necrophages
  7 scorpions
  7 wights
  17 killer bees
  An electric eel (D:12)
  3 howler monkeys
  A jelly (D:6)
  7 orc priests
  A gnoll bouda (D:4)
  2 hounds
  10 orc wizards
  2 iguanas
  Natasha (thrice) (D:2)
  4 adders
  5 gnolls (D:4)
  2 white imps (D:6)
  An ufetubus (D:5)
  5 dart slugs
  36 orcs
  3 ball pythons
  8 endoplasms
  4 giant cockroaches
  5 goblins
  3 hobgoblins
  19 kobolds
  2 quokkas
  3 bats (D:3)
  6 frilled lizards
  4 rats
  A bush (D:10)
243 creatures vanquished.

Vanquished Creatures (others)
  9 plants
9 creatures vanquished.

Grand Total: 252 creatures vanquished

Notes
Turn   | Place    | Note
-------+----------+-------------------------------------------
     0 | D:1      | Iusername the Minotaur Fighter began the quest for the Orb.
     0 | D:1      | Reached XP level 1. HP: 19/19 MP: 0/0
   137 | D:1      | Found Enumim's Magic Scroll Shoppe.
   200 | D:1      | Reached XP level 2. HP: 20/27 MP: 1/1
  1258 | D:2      | Found a glowing silver altar of Zin.
  1277 | D:2      | Reached skill level 3 in Long Blades
  1313 | D:2      | Reached XP level 3. HP: 32/33 MP: 2/2
  1573 | D:2      | Noticed Natasha
  1582 | D:2      | Killed Natasha
  1698 | D:2      | Reached XP level 4. HP: 30/40 MP: 3/3
  1722 | D:2      | Noticed Natasha
  1731 | D:2      | Killed Natasha
  1954 | D:2      | Noticed Natasha
  1961 | D:2      | Killed Natasha
  2614 | D:3      | Reached skill level 4 in Long Blades
  2614 | D:3      | Reached XP level 5. HP: 46/47 MP: 4/4
  2659 | D:3      | Found a stormy altar of Qazlal.
  2660 | D:3      | Found a basalt altar of Yredelemnul.
  2667 | D:3      | Found an ornate altar of the Wu Jian Council.
  3114 | D:3      | Became a worshipper of Qazlal Stormbringer
  3359 | D:4      | Reached skill level 5 in Armour
  3823 | D:4      | Reached XP level 6. HP: 6/53 MP: 5/5
  4333 | D:4      | Reached skill level 5 in Long Blades
  4898 | D:4      | Reached XP level 7. HP: 37/60 MP: 6/6
  5435 | D:4      | Found a staircase to the Ecumenical Temple.
  5474 | D:5      | Entered Level 5 of the Dungeon
  5479 | D:5      | Found a runed translucent door.
  5486 | D:5      | Noticed LustLizard's ghost (novice SpAM)
  5505 | D:5      | Killed LustLizard's ghost
  5506 | D:5      | Reached skill level 5 in Fighting
  5506 | D:5      | Reached skill level 6 in Long Blades
  5506 | D:5      | Reached skill level 5 in Shields
  5658 | D:5      | Reached * piety under Qazlal
  5665 | D:5      | Found a sparkling altar of Nemelex Xobeh.
  5665 | D:5      | Found an opulent altar of Gozag.
  5665 | D:5      | Found a shimmering blue altar of Sif Muna.
  5665 | D:5      | Found a white marble altar of Elyvilon.
  5716 | D:5      | Found a broken altar of Ashenzari.
  5922 | D:5      | Reached skill level 7 in Long Blades
  5927 | D:5      | Reached XP level 8. HP: 56/68 MP: 7/7
  6136 | D:5      | Reached skill level 1 in Stealth
  6592 | D:6      | Reached skill level 8 in Long Blades
  6840 | D:6      | Found a runed translucent gate.
  6840 | D:6      | Found a runed translucent gate.
  6840 | D:6      | Found a runed translucent gate.
  6842 | D:6      | Noticed om's ghost (novice GnHu)
  7338 | D:7      | Found Zokash's General Store.
  7386 | D:7      | Reached skill level 9 in Long Blades
  7498 | D:7      | Found a burning altar of Makhleb.
  7594 | D:7      | Reached XP level 9. HP: 78/78 MP: 8/8
  7734 | D:7      | Reached skill level 10 in Long Blades
  7780 | D:8      | Reached ** piety under Qazlal
  8244 | D:8      | Reached skill level 11 in Long Blades
  8244 | D:8      | Reached skill level 1 in Dodging
  8269 | D:8      | Reached *** piety under Qazlal
  8918 | D:8      | Reached skill level 12 in Long Blades
  8918 | D:8      | Reached XP level 10. HP: 88/88 MP: 9/9
  9171 | D:9      | You fall into a shaft and drop 3 floors!
  9628 | D:11     | Noticed a brown ugly thing
  9638 | D:11     | Killed a green ugly thing
  9810 | D:10     | Entered Level 10 of the Dungeon
  9836 | D:10     | Reached skill level 13 in Long Blades
 10871 | D:10     | Noticed a two-headed ogre
 10881 | D:10     | Killed a two-headed ogre
 10882 | D:10     | Reached skill level 10 in Armour
 10922 | D:10     | Found a staircase to the Orcish Mines.
 10966 | D:10     | Found a shadowy altar of Dithmenos.
 11019 | D:10     | Found Dikhlox's Fire Supplies.
 11040 | D:10     | Noticed Erolcha
 11051 | D:10     | Killed Erolcha
 11052 | D:10     | Reached XP level 11. HP: 87/99 MP: 10/10
 11060 | D:10     | Found a staircase to the Lair.
 11392 | D:9      | Reached **** piety under Qazlal
 11397 | D:9      | Noticed a two-headed ogre
 11875 | D:9      | Killed a two-headed ogre
 12603 | D:9      | Found a bloodstained altar of Trog.
 13472 | D:9      | Found a blossoming altar of Fedhas.
 13569 | D:11     | Identified the +5 trident "Cifuhoem" {freeze, Str+2}
 13629 | D:11     | Noticed a two-headed ogre
 13639 | D:11     | Killed a two-headed ogre
 13640 | D:11     | Reached skill level 10 in Fighting
 14221 | D:11     | Got the Secrets of Metamorphic Accomplices
 14262 | D:11     | Noticed Erica
 14269 | D:11     | Killed Erica
 14503 | D:11     | Found an ornate altar of the Wu Jian Council.
 14704 | D:12     | Noticed an ettin
 14713 | D:12     | Killed an ettin
 14714 | D:12     | Reached skill level 14 in Long Blades
 15432 | D:12     | Reached skill level 10 in Shields
 15440 | D:12     | Reached ***** piety under Qazlal
 15592 | D:12     | Noticed Kirke
 15607 | D:12     | HP: 5/101 [Kirke (1)]
 15608 | D:12     | HP: 2/101 [Kirke (8)]
 15609 | D:12     | Mangled by Kirke

Illustrated notes

Levels and vault maps discovered:
D:1:      dpeg_arrival_boxorama, layout_basic, serial_shops,
          nicolae_shop_waterfront
D:2:      layout_loops_ring, basic_altar, uniq_natasha
D:3:      layout_loops_corners, minitemple, minmay_checkerbox
D:4:      layout_rooms, temple_hall, solitary_fountain, minivault_1,
          nicolae_hexahallways, minmay_misc_feat_pillars
D:5:      layout_loops_ring, grunt_temple_overflow_cloverleaf,
          mainiacjoe_overflow_concentric_impassable,
          ebering_ghost_reflecting_pool
D:6:      layout_cave_pods, gammafunk_ghost_necromancy, minivault_5,
          kennysheep_donut
D:7:      layout_rooms, kennysheep_little_box, serial_shops, shop
D:8:      layout_gridville, nicolae_ossuary_entry_plus, grunt_ministairs_5
D:9:      layout_cave_pools, fedhas_altar_fruit_tree, trog_book
D:10:     layout_long_grid, general_overflow_altar, david_lair_shrubbed,
          orc_0_dummy, nicolae_shop_fire_sale [nicolae_sub_dead_trees],
          kb_lookout_dungeons_type, uniq_erolcha
D:11:     layout_stronghold, minmay_tree_intersection,
          nicolae_wu_jian_immortal_techniques, uniq_erica
D:12:     nzn_winding_woodlands_cross [nzn_winding_woodlands_5x15_jagged,
          nzn_winding_woodlands_5x15_crooked, nzn_winding_woodlands_5x15_zeroes,
          nzn_winding_woodlands_5x15_cabin,
          nzn_winding_woodlands_15x15_eel_pit], layout_cross, uniq_kirke

Skill      XL: |  1  2  3  4  5  6  7  8  9 10 11 |
---------------+----------------------------------+-----
Fighting       | 4 5 6 7 9 10 | 10.5
Armour         | 4 5 6 7 8 10 12 | 12.3
Long Blades    | 3 4 5 7 9 12 13 14 | 14.2
Shields        | 4 5 6 7 8 10 | 10.2
Stealth        | 1 |  1.4
Dodging        | 1 2 |  2.9
Throwing       | |  0.4
Evocations     | |  0.2

Action                   |  1- 3 |  4- 6 |  7- 9 | 10-12 || total
-------------------------+-------+-------+-------+-------++-------
Melee: Long sword        |    75 |   180 |   210 |   329 ||   794
       Headbutt          |    12 |    27 |    34 |    74 ||   147
       Unarmed           |       |       |       |     5 ||     5
Throw: Throwing net      |       |       |     1 |       ||     1
Evoke: Wand              |       |       |       |     6 ||     6
  Use: Potion            |       |     3 |     4 |     6 ||    13
       Scroll            |       |     1 |     7 |     2 ||    10
Armor: Scale mail        |    34 |    16 |       |       ||    50
       Plate armour      |       |   214 |   149 |   220 ||   583
Dodge: Dodged            |    33 |    70 |    57 |    93 ||   253
Block: Buckler           |    16 |    52 |    79 |   172 ||   319
       Other             |       |       |       |     2 ||     2
